 Dungeon Crawl Stone Soup version 0.31.0-32-g396128a36d (webtiles) character file.

Game seed: 10888021380521546270

646 AngelsEnvy the Trooper (level 7, 0/60 HPs)
             Began as a Demonspawn Gladiator on Mar 18, 2024.
             Slain by an orc warrior
             ... wielding a +0 trident
              (8 damage)
             ... on level 4 of the Dungeon.
             The game lasted 00:07:25 (4349 turns).

AngelsEnvy the Trooper (Demonspawn Gladiator)       Turns: 4349, Time: 00:07:25

Health: 0/60       AC: 12    Str: 21    XL:     7   Next: 27%
Magic:  7/7        EV: 11    Int: 10    God:
Gold:   115        SH:  0    Dex: 14    Spells: 6/6 levels left

rFire   . . .        x - +1 whip (elec)
rCold   + . .        (no shield)
rNeg    . . .        z - +0 ring mail {rC+}
rPois   .            c - +0 helmet
rElec   .            (no cloak)
rCorr   .            (no gloves)
SInv    .            (no boots)
Will    .....        (no amulet)
Stlth   +            S - +6 ring of strength
HPRegen 0.30/turn    (no ring)
MPRegen 0.20/turn

%: no passive effects
@: sanguine armoured
A: hooves 1, magic regeneration, sanguine armour 1
a: no special abilities


You were on level 4 of the Dungeon.
You visited 1 branch of the dungeon, and saw 5 of its levels.

You collected 115 gold pieces.


Innate Abilities, Weirdness & Mutations

You have large cloven feet.
You regenerate magic rapidly.
When seriously injured, your blood forms armour. (AC +6)


   Skills:
 - Level 7.0 Fighting
 + Level 2.5(3.1) Maces & Flails
 - Level 2.3(3.0) Polearms
 - Level 2.6(3.6) Staves
 - Level 1.7 Throwing
 - Level 2.6 Dodging


You had 6 spell levels left.
You didn't know any spells.
Your spell library was empty.

Inventory:

Hand Weapons
 a - a +0 quarterstaff
 n - a +1 whip of venom
 x - a +1 whip of electrocution (weapon)
Missiles
 d - 3 throwing nets {=f}
 e - 5 javelins
 i - 15 poisoned darts (quivered)
Armour
 b - a +0 leather armour
 c - a +0 helmet (worn)
 f - a +0 kite shield
 o - a +2 animal skin
 z - a +0 ring mail of cold resistance (worn)
Jewellery
 S - a +6 ring of strength (left hand)
Talismans
 p - a granite talisman
Wands
 w - a wand of quicksilver (6)
 y - a wand of charming (18)
Scrolls
 g - 4 scrolls of identify {unknown}
 j - 2 scrolls of teleportation {unknown}
 l - 3 scrolls of immolation {unknown}
 m - a scroll of torment {unknown}
 r - a scroll of fear {unknown}
 u - a scroll of blinking {unknown}
Potions
 h - 4 potions of degeneration {unknown}
 k - 5 potions of heal wounds {unknown}
 q - a potion of haste {unknown}
 s - a potion of attraction {unknown}
 t - a potion of cancellation {unknown}
 v - a potion of invisibility {unknown}

Dungeon Overview and Level Annotations

Branches:
Dungeon (5/15)
 Temple: D:4-7

Altars:
Dithmenos

###..############.######.....#
##....# #.# #.....# .....##
#.# ####### .##### #.# .#
#####.##### ## #####.........#
##########.)...........#
...........###.)oo.....#
############ #..@o.....# #
########### # # # #


You could see an orc warrior and 2 orcs.


Message History

* * * LOW HITPOINT WARNING * * *
You climb upwards.
There is a stone staircase leading down here.
Unknown command.
You hit the orc warrior. You kick the orc warrior.
The orc warrior is heavily wounded.
The orc closely misses you.
The orc warrior hits you with a +0 trident.
* * * LOW HITPOINT WARNING * * *
The orc closely misses you.
Unknown command.
You hit the orc warrior. Your kick misses the orc warrior.
The orc warrior is heavily wounded.
The orc hits you but does no damage.
The orc warrior hits you with a +0 trident.
* * * LOW HITPOINT WARNING * * *
The orc hits you with a +0 war axe.
* * * LOW HITPOINT WARNING * * *
You hit the orc warrior but do no damage.
Your kick misses the orc warrior.
The orc warrior is heavily wounded.
The orc misses you.
The orc warrior hits you with a +0 trident.
* * * LOW HITPOINT WARNING * * *
The orc hits you but does no damage.
You closely miss the orc warrior. Your kick misses the orc warrior.
The orc warrior is heavily wounded.
The orc completely misses you.
The orc warrior hits you with a +0 trident!
You die...

Skill      XL: |  1  2  3  4  5  6  7 |
---------------+----------------------+-----
Fighting       | 3 4 6 7 |  7.0
Polearms       | 2 |  2.3
Maces & Flails | 1 2 |  2.5
Staves         | |  2.6
Throwing       | |  1.7
Dodging        | |  2.6

Action                     |  1- 3 |  4- 6 |  7- 9 || total
---------------------------+-------+-------+-------++-------
  Melee: Quarterstaff      |   121 |    21 |       ||   142
         Whip              |       |   123 |    26 ||   149
         Kick              |       |    35 |     8 ||    43
         Punch             |       |     1 |       ||     1
  Throw: Dart              |       |    11 |       ||    11
   Stab: Distracted        |       |     1 |       ||     1
         Sleeping          |       |     2 |       ||     2
 Armour: Leather armour    |    75 |    17 |       ||    92
         Skin              |       |     4 |       ||     4
         Animal skin       |       |   100 |    19 ||   119
         Ring mail         |       |       |    17 ||    17
  Dodge: Dodged            |    86 |    89 |    18 ||   193

Levels and vault maps discovered:
D:1:      tarquinn_simple_flora_water_f, layout_basic
D:2:      layout_loops_ring, shapermc_ecumenical_altar_acropolis
D:3:      layout_loops_ring, grunt_dithmenos_smoke_and_mirrors, uniq_robin
D:4:      layout_rooms, kennysheep_generic_room_4, uniq_duvessa
D:5:      layout_cave_pools, serial_undead, serial_undead_d, serial_undead_c,
          serial_undead_c, serial_undead_c, serial_undead_d, serial_undead_a,
          kennysheep_generic_room_6, uniq_ijyb

Notes
Turn   | Place    | Note
-------+----------+-------------------------------------------
     0 | D:1      | AngelsEnvy the Demonspawn Gladiator began the quest for the
                  | Orb.
     0 | D:1      | Reached XP level 1. HP: 16/16 MP: 1/1
   205 | D:1      | Gained mutation: When seriously injured, your blood forms
                  | armour. (AC +6) [demonic ancestry]
   205 | D:1      | Reached XP level 2. HP: 13/23 MP: 2/2
   280 | D:1      | Reached skill level 3 in Fighting
   819 | D:1      | Reached XP level 3. HP: 29/29 MP: 3/3
  1244 | D:2      | Reached skill level 4 in Fighting
  1390 | D:2      | Found a faded altar of an unknown god.
  1466 | D:3      | Reached skill level 1 in Polearms
  1507 | D:3      | Reached skill level 2 in Polearms
  1507 | D:3      | Gained mutation: You have large cloven feet. [demonic
                  | ancestry]
  1507 | D:3      | Reached XP level 4. HP: 14/37 MP: 4/4
  1715 | D:3      | Noticed Robin
  1732 | D:3      | Killed Robin
  1858 | D:3      | Reached XP level 5. HP: 39/43 MP: 5/5
  2256 | D:3      | Found a shadowy altar of Dithmenos.
  2442 | D:4      | Noticed an ogre
  2455 | D:4      | Killed an ogre
  2456 | D:4      | Reached skill level 5 in Fighting
  2565 | D:4      | Noticed Duvessa
  2565 | D:4      | Noticed Dowan
  2589 | D:4      | Killed Duvessa
  2590 | D:4      | Reached skill level 6 in Fighting
  2590 | D:4      | Reached XP level 6. HP: 23/52 MP: 6/6
  2807 | D:4      | Killed Dowan
  3392 | D:5      | Entered Level 5 of the Dungeon
  3685 | D:5      | Reached skill level 7 in Fighting
  3685 | D:5      | Reached skill level 1 in Maces & Flails
  3685 | D:5      | Gained mutation: You regenerate magic rapidly. [demonic
                  | ancestry]
  3685 | D:5      | Reached XP level 7. HP: 33/60 MP: 7/7
  3781 | D:5      | Reached skill level 2 in Maces & Flails
  3810 | D:5      | Noticed Ijyb
  3987 | D:4      | Killed Ijyb
  4349 | D:4      | Slain by an orc warrior

Vanquished Creatures
  Duvessa (D:4)
  An ogre (D:4)
  A kobold brigand (D:5)
  Dowan (D:4)
  A jelly (D:4)
  A bombardier beetle (D:5)
  An orc priest (D:3)
  Ijyb (D:4)
  2 orc wizards (D:4)
  Robin (D:3)
  6 adders
  A white imp (D:4)
  A dart slug (D:4)
  7 orcs
  5 bats
  9 endoplasms
  A giant cockroach (D:1)
  17 goblins
  13 hobgoblins
  3 jackals (D:1)
  10 kobolds
  3 quokkas
  6 ball pythons
  5 frilled lizards
  5 rats
103 creatures vanquished.

Table legend: (Time is in decaauts)
 A = Elapsed time spent in this place.
 B = Non-inter-level travel time spent in this place.
 C = Inter-level travel time spent in this place.
 D = Time resting spent in this place.
 E = Time spent auto-exploring this place.
 F = Levels seen in this place.
 G = Mean time per level.
                   A        B        C        D        E       F      G
               +--------+--------+--------+--------+--------+-----+--------+
         Total |   4379 |   4270 |    109 |   1260 |   2139 |   5 |  875.8 |
       Dungeon |   4379 |   4270 |    109 |   1260 |   2139 |   5 |  875.8 |
               +--------+--------+--------+--------+--------+-----+--------+

Top non-repeatable levels by time:
     D:4: 1603 daAuts
     D:3: 1193 daAuts
     D:1: 867 daAuts
     D:2: 602 daAuts
     D:5: 113 daAuts

Table legend:
 A = Non-vault XP
 B = Vault XP
 C = Vault XP percentage of total XP
 D = Non-vault monster count
 E = Vault monster count
 F = Vault count percentage of total count
                 A         B        C        D         E       F
            +---------+---------+-------+---------+---------+-------
      Total |     641 |     283 |  30.6 |      89 |      14 |  13.6
            +---------+---------+-------+---------+---------+-------
        D:1 |      41 |       0 |   0.0 |      23 |       0 |   0.0
        D:2 |      43 |       0 |   0.0 |      20 |       0 |   0.0
        D:3 |      98 |      36 |  26.9 |      18 |      11 |  37.9
        D:4 |     315 |     247 |  44.0 |      25 |       3 |  10.7
        D:5 |     144 |       0 |   0.0 |       3 |       0 |   0.0
            +---------+---------+-------+---------+---------+-------
